 Dungeon Crawl Stone Soup version 0.30.1-1-g62c8e00024 (webtiles) character file.

Game seed: 10656242294552576628

107 evildog the Trooper (level 4, -3/29 HPs)
             Began as a Gargoyle Fighter on July 15, 2023.
             Slain by a river rat (7 damage)
             ... on level 3 of the Dungeon.
             The game lasted 00:02:56 (1784 turns).

evildog the Trooper (Gargoyle Fighter)              Turns: 1784, Time: 00:02:56

Health: -3/29      AC: 12    Str: 21    XL:     4   Next: 85%
Magic:  4/4        EV:  6    Int:  9    God:
Gold:   100        SH:  4    Dex:  9    Spells: 3/3 levels left

rFire   . . .        a - +0 flail
rCold   . . .        c - +0 buckler
rNeg    + . .        b - +0 scale mail
rPois   ∞            r - +0 helmet
rElec   +            (no cloak)
rCorr   .            (no gloves)
SInv    .            p - +0 pair of boots
Will    .....        (no amulet) Stlth
                     (no ring)
HPRegen 0.24/turn    (no ring)
MPRegen 0.09/turn

%: no passive effects
@: constricted
A: sickness immunity, AC +3, negative energy resistance 1, electricity
resistance, torment resistance 1, petrification resistance
a: no special abilities


You were on level 3 of the Dungeon.
You visited 1 branch of the dungeon, and saw 3 of its levels.

You collected 100 gold pieces.

Inventory:

Hand Weapons
 a - a +0 flail (weapon)
Missiles
 m - 6 poisoned darts (quivered)
Armour
 b - a +0 scale mail (worn)
 c - a +0 buckler (worn)
 p - a +0 pair of boots (worn)
 r - a +0 helmet (worn)
Scrolls
 e - a scroll of noise {unknown}
 h - a scroll of identify
 i - a scroll of magic mapping {unknown}
 j - a scroll of silence {unknown}
 k - a scroll of fear {unknown}
 l - 2 scrolls of fog
 s - a scroll of amnesia
 t - a scroll of teleportation {unknown}
 u - a scroll of vulnerability {unknown}
Potions
 d - a potion of might
 f - 2 potions of heal wounds
 g - a potion of berserk rage {unknown}
 n - a potion of curing {unknown}
 o - a potion of lignification {unknown}
 q - a potion of haste


   Skills:
 + Level 4.3 Fighting
 * Level 4.1 Maces & Flails
 - Level 3.2 Armour
 - Level 3.2 Shields


You had 3 spell levels left.
You didn't know any spells.
Your spell library contained the following spells:

 Spells                   Type           Power      Damage    Failure   Level
 Sting                    Tmut/Pois      0%         1d3       80%         1
 Poisonous Vapours        Pois/Air       0%         N/A       90%         2
 Olgreb's Toxic Radiance  Pois           0%         N/A       100%        4


Dungeon Overview and Level Annotations

Branches:
Dungeon (3/15)

Altars:
Nemelex Xobeh

Portals:
Sewer: D:3


Innate Abilities, Weirdness & Mutations

You are immune to sickness and miasma.
Your stone body is resilient. (AC +3)
You are immune to poison.
You resist negative energy. (rN+)
You are resistant to electric shocks. (rElec)
You are resistant to unholy torment.
You are immune to petrification.


Message History

The ball python closely misses you. The ball python grabs you.
The ball python constricts you.
The river rat bites you but does no damage.
There is a glowing drain here.
The ball python's grasp on you weakens, but your attempt to escape fails.
The ball python bites you but does no damage.
The ball python constricts you. The river rat barely misses you.
The ball python bites you but does no damage.
The ball python constricts you.
Unknown command.
You barely miss the river rat. The river rat bites you.
The ball python bites you but does no damage.
The ball python constricts you.
You hit the river rat.
The river rat is lightly wounded.
The ball python bites you but does no damage.
The ball python constricts you. The river rat barely misses you.
The ball python bites you but does no damage.
The ball python constricts you. You block the river rat's attack.
You barely miss the river rat.
The river rat is lightly wounded.
You block the ball python's attack. The ball python constricts you.
The river rat bites you but does no damage.
You barely miss the river rat.
The river rat is lightly wounded.
The ball python bites you but does no damage.
The ball python constricts you. The river rat bites you.
* * * LOW HITPOINT WARNING * * *
The ball python barely misses you. The ball python constricts you.
You hit the river rat but do no damage.
The river rat is lightly wounded.
The river rat barely misses you.
The ball python bites you but does no damage.
The ball python constricts you.
* * * LOW HITPOINT WARNING * * *
You hit the river rat.
The river rat is severely wounded.
The ball python bites you but does no damage.
The ball python constricts you. The river rat bites you!
You die...

.#####
.....######
#.# #.~~~r@#
#.# #..~~S~#
#.# #..~~~~#
#.###...~~~#
###.##.....~~#
#.#.#.†....###
#.#.#.#.####
#####.#.._..#
.......>#.#.#


You could see a river rat and a ball python.

Vanquished Creatures
  An orc wizard (D:3)
  2 adders (D:2)
  A worm (D:3)
  7 orcs (D:3)
  3 bats (D:3)
  An endoplasm (D:1)
  4 giant cockroaches
  A goblin (D:3)
  7 hobgoblins
  10 kobolds
  4 quokkas
  6 ball pythons
  A frilled lizard (D:2)
  6 rats
54 creatures vanquished.

Notes
Turn   | Place    | Note
-------+----------+-------------------------------------------
     0 | D:1      | evildog the Gargoyle Fighter began the quest for the Orb.
     0 | D:1      | Reached XP level 1. HP: 14/14 MP: 1/1
   133 | D:1      | Reached XP level 2. HP: 17/19 MP: 2/2
   315 | D:1      | Found a faded altar of an unknown god.
   783 | D:2      | Reached XP level 3. HP: 24/24 MP: 3/3
  1350 | D:3      | Reached XP level 4. HP: 25/29 MP: 4/4
  1747 | D:3      | Found a sparkling altar of Nemelex Xobeh.
  1761 | D:3      | Found a glowing drain.
  1784 | D:3      | Slain by a river rat

Illustrated notes

Levels and vault maps discovered:
D:1:      dpeg_arrival_shelter, layout_loops_ring,
          dilly_ecumenical_altar_fadedgnrine,
          hangedman_abyss_or_decor_lesser_grid, chequers_serial_rivers_large_a
D:2:      layout_basic
D:3:      layout_basic, lemuel_crystal_altar, portal_sewer_entry_b, st_stairs_1

Skill      XL: |  1  2  3  4 |
---------------+-------------+-----
Maces & Flails | 3 4 |  4.1
Fighting       | 4 |  4.3
Armour         | |  3.2
Shields        | |  3.2

Action                     |  1- 3 |  4- 6 || total
---------------------------+-------+-------++-------
  Melee: Flail             |   124 |    87 ||   211
    Use: Scroll            |     4 |     1 ||     5
 Armour: Scale mail        |    92 |    77 ||   169
  Dodge: Dodged            |    72 |    64 ||   136
  Block: Buckler           |    41 |    23 ||    64
